Workbook

Sheet Instrucciones
B2: SI YA SIGUES ESTA ESTRATEGIA:
B3: 1. Ve a la pestaña de "Último rebalanceo" e ingresa la posición y costo de tu portafolio actual en la sección de "rebalanceo de mi portafolio"
B4: 2. El formato te calculará automáticamente a los precios de compra que ingreses (vienen a cierre del último rebalanceo por default), los nuevos movimientos que tienes que hacer para continuar siguiendo la estrategia hasta este último rebalanceo.
B6: 3. La información se copiará automáticamente en la sección "seguimiento histórico de mi portafolio" dentro de la pestaña "Portafolio Actual".
B7: 4. En esa misma sección agrega el monto de inversión con el que empezaste a seguir la estrategia así como el saldo de los depósitos - retiros que has hecho al portafolio después de iniciado.
B9: 5. (OPCIONAL). Puedes ingresar la información de los dividendos cobrados totales por emisora dentro del portafolio actual si quieres calcular el rendimiento total de cada una, caso contrario, la columna de "Rendimiento Total" por emisora se convierte en rendimiento simple pero en ningún caso afecta el cálculo del rendimiento total del portafolio.
B13: SI ES TU PRIMERA VEZ Y QUIERES SEGUIR ESTA ESTRATEGIA*:
B14: 1. Ve a la pestaña de "Portafolio Actual" y en la sección de "Empezar mi portafolio desde 0" ingresa la cantidad que quieres invertir en el portafolio de esta estrategia
B15: 2. El formato te calculará automáticamente a los precios de compra que ingreses (vienen a cierre del último rebalanceo por default), la cantidad de títulos que tienes que comprar por emisora para seguir esta estrategia
B17: 3. En la última columna te marcará las diferencias en peso de cada emisora vs el Portafolio Modelo así como un % de desviación total y calificación de indexación.
B19: *También lo puedes usar si ya la sigues pero hiciste un depósito/retiro de recursos de tu portafolio entre fechas de rebalanceo y quieres saber cómo debería de quedar tu portafolio con los cambios para continuar siguiendo la estrategia correctamente (sólo haz los movimientos por las diferencias que te marque entre el nuevo portafolio desde 0 y tu portafolio actual después del depósito/retiro de recursos)
B22: **En la última pestaña están las posiciones de los rebalanceos de los 12 meses anteriores a los 2 presentados en la pestaña "Último rebalanceo"
B24: DISCLAIMER: Los datos y la información proporcionados no deben interpretarse como asesoramiento de inversiones general ni personalizado ni recomendaciones para comprar o vender valores. Los productos u operaciones financieras a los que se refieren esos datos y esa información pueden no ser adecuados para tu perfil, tus objetivos o tus expectativas de inversión. Es tu responsabilidad determinar si cualquier producto u operación financiera es adecuada para tu caso, según tus intereses, objetivos de inversión, horizonte de inversión y propensión al riesgo.

Sheet Estrategia
B2: ÍNDICES MEX-USA REGRESIÓN A LA MEDIA
B3: Toma los principales índices de México y USA (IPC, DJ, Nasdaq y SP500), comparando su precio actual contra su mediana de precios mensuales de los últimos 12 meses y asigna entre 0 y 25% a cada índice de acuerdo a su nivel de desviación a través de sus ETF's más representativos (NAFTRAC, DIA, QQQ y VOO, respectivamente). Sub/Sobreasignaciones equitativas al número de índices > 0% (Sin límite). Busca estar 100% invertido o lo más cercano a ello. ETF's de USA fraccionados.
B6: Fecha de inicio: | C6: 1 de Enero 2021
B7: Universo: | C7: BMV & USA
B8: Rebalanceo: | C8: Semestral
B9: Monto mínimo sugerido: | C9: 25000
B10: Riesgo (volatilidad anual) | C10: Alta (15-20%)
B11: Acciones fraccionadas | C11: Sí
B12: % Mínimo por emisora | C12: 0
B13: % Máximo por emisora | C13: 1
B14: Efectivo | C14: 0-5%
B16: *Los precios y rendimientos están calculados en MXN al tipo de cambio del día de las operaciones. Para fines informativos se incluye también el rendimiento total (ponderado, teórico al 100% invertido) en moneda local (sin el efecto del tipo de cambio para los ETF's de USA).
B18: **Para el remanente de efectivo, se puede seleccionar entre un rendimiento igual al promedio mensual de la TIIE de fondeo a 1 día durante el período entre rebalanceos (base 30/360) o si se quiere omitir, seleccionar 0 en la casilla de TIIE en la pestaña último rebalanceo. No se incluyen los dividendos cobrados en el período para el cálculo.
B20: ***Los rendimientos calculados, son brutos (no contemplan ninguna clase de comisión ni impuestos).
B22: 0 | C22: 44561 | D22: 44742 | E22: 44926 | F22: 45107 | G22: 45291 | H22: 45473 | I22: 45657 | J22: 45835 | K22: 46024
B23: PORTAFOLIO | C23: 0.2415032 | D23: 0.028919296 | E23: 0.014030191 | F23: 0.13337725 | G23: 0.21703332 | H23: 0.35614869 | I23: 0.56155796 | J23: 0.57283879 | K23: 0.65749282
B24: IPC IRT | C24: 0.21819676 | D24: 0.12091227 | E24: 0.15911227 | F24: 0.27581227 | G24: 0.36338741 | H24: 0.28874161 | I24: 0.25022163 | J24: 0.41945726 | K24: 0.55148515
B25: DJ TR | C25: 0.19016953 | D25: 0.034242333 | E25: 0.11904233 | F25: 0.16724233 | G25: 0.26906342 | H25: 0.31585436 | I25: 0.40871626 | J25: 0.44691996 | K25: 0.54779751
B26: Nasdaq TR | C26: 0.20030099 | D26: -0.14545315 | E26: -0.19325315 | F26: 0.086746846 | G26: 0.17576279 | H26: 0.34607673 | I26: 0.4350659 | J26: 0.59467 | K26: 0.71177856
B27: SP500 TR | C27: 0.25236208 | D27: 0.02972783 | E27: 0.05252783 | F27: 0.20862783 | G27: 0.28591682 | H27: 0.42821368 | I27: 0.51342214 | J27: 0.56416192 | K27: 0.67371454

Sheet Portafolio Actual
B2: IPC Regresión a la media | D2: ='Último rebalanceo'!D2 -> 46024 | F2: TIIE 1 día promedio mensual | H2: ='Último rebalanceo'!H2 -> 0
B3: Valor inicial portafolio | D3: 25000
B5: Ticker | C5: Compañía | D5: Títulos | E5: Costo Promedio Ponderado | F5: Costo total | G5: Último Cierre de mercado | H5: Valor mercado | I5: Dividendos Cobrados Totales | J5: Rendimiento Total sobre Costo Actual | K5: % Portafolio Modelo | S5: GICS únicos | T5: PM | U5: MP1 | V5: MP2
B6: ='Último rebalanceo'!B7 -> NAFTRACISHRS | C6: ='Último rebalanceo'!C7 -> iShares NAFTRAC | D6: =VLOOKUP(B6,'Último rebalanceo'!$B$7:$K$10,10,0) -> 187 | E6: =VLOOKUP(B6,'Último rebalanceo'!$B$7:$L$10,11,0) -> 50.688235 | F6: =D6*E6 -> 9478.7 | G6: =VLOOKUP(B6,'Último rebalanceo'!$B$7:$H$10,7,0) -> 64 | H6: =D6*G6 -> 11968 | I6: 1085.7608 | J6: =(H6+I6)/F6-1 -> 0.37716784 | K6: =H6/$H$12 -> 0.24804819 | S6: Consumo básico | T6: =SUMIF(#REF!,S6,$K$6:$K$10) -> #REF! | U6: =SUMIF(#REF!,$S6,$K$23:$K$27) -> #REF! | V6: =SUMIF(#REF!,$S6,$I$39:$I$43) -> #REF!
B7: ='Último rebalanceo'!B8 -> DIA | C7: ='Último rebalanceo'!C8 -> SPDR Dow Jones Industrial Average ETF Trust | D7: =VLOOKUP(B7,'Último rebalanceo'!$B$7:$K$10,10,0) -> 1.3821124 | E7: =VLOOKUP(B7,'Último rebalanceo'!$B$7:$L$10,11,0) -> 8640.072 | F7: =D7*E7 -> 11941.55 | G7: =VLOOKUP(B7,'Último rebalanceo'!$B$7:$H$10,7,0) -> 8640.072 | H7: =D7*G7 -> 11941.55 | I7: 895.20666 | J7: =(H7+I7)/F7-1 -> 0.074965698 | K7: =H7/$H$12 -> 0.2475 | S7: Industrial | T7: =SUMIF(#REF!,S7,$K$6:$K$10) -> #REF! | U7: =SUMIF(#REF!,$S7,$K$23:$K$27) -> #REF! | V7: =SUMIF(#REF!,$S7,$I$39:$I$43) -> #REF!
B8: ='Último rebalanceo'!B9 -> QQQ | C8: ='Último rebalanceo'!C9 -> Invesco QQQ Trust | D8: =VLOOKUP(B8,'Último rebalanceo'!$B$7:$K$10,10,0) -> 1.0812159 | E8: =VLOOKUP(B8,'Último rebalanceo'!$B$7:$L$10,11,0) -> 7379.0042 | F8: =D8*E8 -> 7978.2968 | G8: =VLOOKUP(B8,'Último rebalanceo'!$B$7:$H$10,7,0) -> 11044.557 | H8: =D8*G8 -> 11941.55 | I8: 933.64352 | J8: =(H8+I8)/F8-1 -> 0.61377725 | K8: =H8/$H$12 -> 0.2475 | S8: Consumo discrecional | T8: =SUMIF(#REF!,S8,$K$6:$K$10) -> #REF! | U8: =SUMIF(#REF!,$S8,$K$23:$K$27) -> #REF! | V8: =SUMIF(#REF!,$S8,$I$39:$I$43) -> #REF!
B9: ='Último rebalanceo'!B10 -> VOO | C9: ='Último rebalanceo'!C10 -> Vanguard S&P 500 ETF | D9: =VLOOKUP(B9,'Último rebalanceo'!$B$7:$K$10,10,0) -> 1.0591133 | E9: =VLOOKUP(B9,'Último rebalanceo'!$B$7:$L$10,11,0) -> 8501.5157 | F9: =D9*E9 -> 9004.0686 | G9: =VLOOKUP(B9,'Último rebalanceo'!$B$7:$H$10,7,0) -> 11275.045 | H9: =D9*G9 -> 11941.55 | I9: 1028.0926 | J9: =(H9+I9)/F9-1 -> 0.44042027 | K9: =H9/$H$12 -> 0.2475 | S9: Materiales | T9: =SUMIF(#REF!,S9,$K$6:$K$10) -> #REF! | U9: =SUMIF(#REF!,$S9,$K$23:$K$27) -> #REF! | V9: =SUMIF(#REF!,$S9,$I$39:$I$43) -> #REF!
B10: EFECTIVO | D10: ='Último rebalanceo'!K11 -> 456.03727 | H10: =D10 -> 456.03727 | I10: =SUM(I6:I9)/D3 -> 0.15770814 | K10: =H10/$H$12 -> 0.0094518066
B12: TOTAL | H12: =SUM(H6:H10) -> 48248.688 | I12: Rend. Simple | J12: =H12/D3-1 -> 0.92994754 | K12: =SUM(K6:K10) -> 1
I13: Rend. Logarítmico | J13: =LN(H12/D3) -> 0.65749282
H14: Rend. Logarítmico sin TC | J14: 0.55838987
B15: SEGUIMIENTO HISTÓRICO DE MI PORTAFOLIO
B16: Valor inicial portafolio | D16: 25000
B17: Aportaciones netas históricas (depósitos - retiros) | D17: 0
B18: PUEDES AGREGAR LOS DIVIDENDOS COBRADOS HISTÓRICOS POR EMISORA PARA CALCULAR SU RENDIMIENTO TOTAL (SI NO SE AGREGAN, SE VUELVE RENDIMIENTO SIMPLE). AGREGARLOS O NO, NO AFECTA EL CÁLCULO DEL RENDIMIENTO TOTAL DEL PORTAFOLIO
B21: Mi Portafolio
B22: Ticker | C22: Compañía | D22: Títulos | E22: Costo Promedio Ponderado | F22: Costo total | G22: Último Cierre de mercado | H22: Valor mercado | I22: Dividendos Cobrados Totales | J22: Rendimiento Total | K22: % Mi Portafolio | L22: % Portafolio Modelo | M22: Diferencia vs Portafolio Modelo
B23: =B6 -> NAFTRACISHRS | C23: =C6 -> iShares NAFTRAC | D23: =VLOOKUP(B23,'Último rebalanceo'!$B$29:$K$32,10,0) -> #DIV/0! | E23: =VLOOKUP(B23,'Último rebalanceo'!$B$29:$L$32,11,0) -> #DIV/0! | F23: =D23*E23 -> #DIV/0! | G23: =G6 -> 64 | H23: =D23*G23 -> #DIV/0! | I23: 0 | J23: =(H23+I23)/F23-1 -> #DIV/0! | K23: =H23/$H$29 -> #DIV/0! | L23: =K6 -> 0.24804819 | M23: =K23-L23 -> #DIV/0!
B24: =B7 -> DIA | C24: =C7 -> SPDR Dow Jones Industrial Average ETF Trust | D24: =VLOOKUP(B24,'Último rebalanceo'!$B$29:$K$32,10,0) -> #DIV/0! | E24: =VLOOKUP(B24,'Último rebalanceo'!$B$29:$L$32,11,0) -> #DIV/0! | F24: =D24*E24 -> #DIV/0! | G24: =G7 -> 8640.072 | H24: =D24*G24 -> #DIV/0! | I24: 0 | J24: =(H24+I24)/F24-1 -> #DIV/0! | K24: =H24/$H$29 -> #DIV/0! | L24: =K7 -> 0.2475 | M24: =K24-L24 -> #DIV/0!
B25: =B8 -> QQQ | C25: =C8 -> Invesco QQQ Trust | D25: =VLOOKUP(B25,'Último rebalanceo'!$B$29:$K$32,10,0) -> #DIV/0! | E25: =VLOOKUP(B25,'Último rebalanceo'!$B$29:$L$32,11,0) -> #DIV/0! | F25: =D25*E25 -> #DIV/0! | G25: =G8 -> 11044.557 | H25: =D25*G25 -> #DIV/0! | I25: 0 | J25: =(H25+I25)/F25-1 -> #DIV/0! | K25: =H25/$H$29 -> #DIV/0! | L25: =K8 -> 0.2475 | M25: =K25-L25 -> #DIV/0!
B26: =B9 -> VOO | C26: =C9 -> Vanguard S&P 500 ETF | D26: =VLOOKUP(B26,'Último rebalanceo'!$B$29:$K$32,10,0) -> #DIV/0! | E26: =VLOOKUP(B26,'Último rebalanceo'!$B$29:$L$32,11,0) -> #DIV/0! | F26: =D26*E26 -> #DIV/0! | G26: =G9 -> 11275.045 | H26: =D26*G26 -> #DIV/0! | I26: 0 | J26: =(H26+I26)/F26-1 -> #DIV/0! | K26: =H26/$H$29 -> #DIV/0! | L26: =K9 -> 0.2475 | M26: =K26-L26 -> #DIV/0!
B27: EFECTIVO | D27: ='Último rebalanceo'!K33 -> #DIV/0! | H27: =D27 -> #DIV/0! | K27: =H27/$H$29 -> #DIV/0! | L27: =K10 -> 0.0094518066 | M27: =K27-L27 -> #DIV/0!
B29: TOTAL | H29: =SUM(H23:H27) -> #DIV/0! | I29: =SUM(I23:I27) -> 0 | J29: =H29/(D16+D17)-1 -> #DIV/0! | K29: =SUM(K23:K27) -> #DIV/0! | L29: =SUM(L23:L27) -> 1 | M29: {=SUM(ABS(M23:M27))} -> #DIV/0! | N29: =IF(M29<0.1,"Excelente",IF(AND(M29<=0.2,M29>=0.1),"Buena",IF(AND(M29<=0.35,M29>0.2),"Regular","Mala"))) -> #DIV/0!
M30: Indexación con el portafolio Modelo
B33: EMPEZAR MI PORTAFOLIO DESDE 0
B34: ¿Cuánto quieres invertir? | D34: 15000
B35: CAMBIA TU COSTO PROMEDIO PONDERADO AL PRECIO REAL DE COMPRA (POR DEFAULT VIENE EL ÚLTIMO CIERRE DEL MERCADO A LA FECHA DEL PORTAFOLIO)
B37: Mi Portafolio
B38: Ticker | C38: Compañía | D38: Títulos | E38: Costo Promedio Ponderado | F38: Costo total | G38: Último Cierre de mercado | H38: Valor mercado | I38: % Mi Portafolio | J38: % Portafolio Modelo | K38: Diferencia vs Portafolio Modelo
B39: =B6 -> NAFTRACISHRS | C39: =C6 -> iShares NAFTRAC | D39: {=IF(SUMPRODUCT(ROUND($K$6*$D$34/$E$39,0),$E$39)>$D$34,ROUND($D$34*($D$34/SUMPRODUCT(ROUND($K$6*$D$34/$E$39,0),$E$39))*K6/E39,0),ROUND($D$34*K6/E39,0))} -> 58 | E39: =G6 -> 64 | F39: =D39*E39 -> 3712 | G39: =G6 -> 64 | H39: =D39*G39 -> 3712 | I39: =H39/$H$45 -> 0.24746667 | J39: =K6 -> 0.24804819 | K39: =I39-J39 -> -0.00058152674
B40: =B7 -> DIA | C40: =C7 -> SPDR Dow Jones Industrial Average ETF Trust | D40: =$D$34*J40/E40 -> 0.42968392 | E40: =G7 -> 8640.072 | F40: =D40*E40 -> 3712.5 | G40: =G7 -> 8640.072 | H40: =D40*G40 -> 3712.5 | I40: =H40/$H$45 -> 0.2475 | J40: =K7 -> 0.2475 | K40: =I40-J40 -> 0
B41: =B8 -> QQQ | C41: =C8 -> Invesco QQQ Trust | D41: =$D$34*J41/E41 -> 0.33613844 | E41: =G8 -> 11044.557 | F41: =D41*E41 -> 3712.5 | G41: =G8 -> 11044.557 | H41: =D41*G41 -> 3712.5 | I41: =H41/$H$45 -> 0.2475 | J41: =K8 -> 0.2475 | K41: =I41-J41 -> 0
B42: =B9 -> VOO | C42: =C9 -> Vanguard S&P 500 ETF | D42: =$D$34*J42/E42 -> 0.32926698 | E42: =G9 -> 11275.045 | F42: =D42*E42 -> 3712.5 | G42: =G9 -> 11275.045 | H42: =D42*G42 -> 3712.5 | I42: =H42/$H$45 -> 0.2475 | J42: =K9 -> 0.2475 | K42: =I42-J42 -> 0
B43: EFECTIVO | D43: =D34-SUMPRODUCT(D39:D42,E39:E42) -> 150.5 | H43: =D43 -> 150.5 | I43: =H43/$H$45 -> 0.010033333 | J43: =K10 -> 0.0094518066 | K43: =I43-J43 -> 0.00058152674
B45: TOTAL | H45: =SUM(H39:H43) -> 15000 | I45: =SUM(I39:I43) -> 1 | J45: =SUM(J39:J43) -> 1 | K45: {=SUM(ABS(K39:K43))} -> 0.0011630535 | L45: =IF(K45<0.1,"Excelente",IF(AND(K45<=0.2,K45>=0.1),"Buena",IF(AND(K45<=0.35,K45>0.2),"Regular","Mala"))) -> Excelente
K46: Indexación con el portafolio Modelo

Sheet Último rebalanceo
B2: Índices Mex-USA Regresión a la media | D2: 46024 | F2: TIIE 1 día promedio mensual | H2: 0 | J2: 0.0761
B3: Valor inicial portafolio | D3: 25000 | J3: 0
D5: ANTERIOR | K5: NUEVO
B6: Ticker | C6: Compañía | D6: Títulos | E6: Costo Promedio Ponderado | F6: Precio mercado inicio rebalanceo en MXN | G6: % Portafolio Modelo | H6: Precio mercado final rebalanceo en MXN | I6: Dividendos cobrados en el en MXN | J6: Rendimiento Total del período | K6: Títulos | L6: Costo Promedio Ponderado | M6: Valor mercado | N6: % Portafolio Modelo | O6: Diferencia vs anterior
B7: NAFTRACISHRS | C7: iShares NAFTRAC | D7: 255 | E7: 50.688235 | F7: 57.43 | G7: =D7*F7/$F$13 -> 0.33033779 | H7: 64 | I7: 190.55411 | J7: =(H7+I7/D7)/F7-1 -> 0.127412 | K7: =D7+F16 -> 187 | L7: =IF(K7>0,IF(K7>D7,(D7*E7+(K7-D7)*G16)/K7,E7),0) -> 50.688235 | M7: =K7*H7 -> 11968 | N7: =M7/$M$13 -> 0.24804819 | O7: =N7-G7 -> -0.0822896
B8: DIA | C8: SPDR Dow Jones Industrial Average ETF Trust | D8: 0 | E8: 0 | F8: 8239.218 | G8: =D8*F8/$F$13 -> 0 | H8: 8640.072 | I8: 0 | J8: =(H8+I8/D8)/F8-1 -> #DIV/0! | K8: =D8+F17 -> 1.3821124 | L8: =IF(K8>0,IF(K8>D8,(D8*E8+(K8-D8)*G17)/K8,E8),0) -> 8640.072 | M8: =K8*H8 -> 11941.55 | N8: =M8/$M$13 -> 0.2475 | O8: =N8-G8 -> 0.2475
B9: QQQ | C9: Invesco QQQ Trust | D9: 1.4189625 | E9: 7379.0042 | F9: 10310.121 | G9: =D9*F9/$F$13 -> 0.33 | H9: 11044.557 | I9: 38.436864 | J9: =(H9+I9/D9)/F9-1 -> 0.073861752 | K9: =D9+F18 -> 1.0812159 | L9: =IF(K9>0,IF(K9>D9,(D9*E9+(K9-D9)*G18)/K9,E9),0) -> 7379.0042 | M9: =K9*H9 -> 11941.55 | N9: =M9/$M$13 -> 0.2475 | O9: =N9-G9 -> -0.0825
B10: VOO | C10: Vanguard S&P 500 ETF | D10: 1.3717597 | E10: 8501.5157 | F10: 10664.896 | G10: =D10*F10/$F$13 -> 0.33 | H10: 11275.045 | I10: 132.88593 | J10: =(H10+I10/D10)/F10-1 -> 0.066294228 | K10: =D10+F19 -> 1.0591133 | L10: =IF(K10>0,IF(K10>D10,(D10*E10+(K10-D10)*G19)/K10,E10),0) -> 8501.5157 | M10: =K10*H10 -> 11941.55 | N10: =M10/$M$13 -> 0.2475 | O10: =N10-G10 -> -0.0825
B11: EFECTIVO | D11: 428.34829 | E11: 0 | F11: 0 | G11: =D11/$F$13 -> 0.0096622063 | H11: =D11*(1+H2)^(180/360) -> 428.34829 | J11: =H11/D11-1 -> 0 | K11: =H11+I13-SUMPRODUCT(F16:F19,G16:G19) -> 456.03727 | M11: =K11 -> 456.03727 | N11: =M11/$M$13 -> 0.0094518066 | O11: =N11-G11 -> -0.00021039967
B13: TOTAL | F13: =SUMPRODUCT(D7:D10,F7:F10)+D11 -> 44332.348 | G13: =SUM(G7:G11) -> 1 | H13: =SUMPRODUCT(D7:D10,H7:H10)+H11 -> 47886.812 | I13: =SUM(I7:I11) -> 361.87689 | J13: =(H13+I13)/F13-1 -> 0.088340472 | K13: Rend. Simple | M13: =SUM(M7:M11) -> 48248.688 | N13: =SUM(N7:N11) -> 1 | O13: =SUMIF(O7:O10,">0",O7:O10) -> 0.2475
J14: =LN((H13+I13)/F13) -> 0.084654033 | K14: Rend. Logarítmico
B15: =CONCATENATE("Movimientos ",TEXT(D2,"dd-mm-yyyy")," (precios MXN cierre):") -> Movimientos 02-01-2026 (precios MXN cierre): | F15: Compra (Venta) | G15: Precio | J15: 0.083 | K15: Rend. Logarítmico sin TC
B16: NAFTRACISHRS | C16: iShares NAFTRAC | F16: -68 | G16: =H7 -> 64
B17: DIA | C17: SPDR Dow Jones Industrial Average ETF Trust | F17: 1.3821124 | G17: =H8 -> 8640.072
B18: QQQ | C18: Invesco QQQ Trust | F18: -0.33774656 | G18: =H9 -> 11044.557
B19: VOO | C19: Vanguard S&P 500 ETF | F19: -0.31264634 | G19: =H10 -> 11275.045
B23: REBALANCEO DE MI PORTAFOLIO
B24: AGREGA TUS TÍTULOS Y COSTO ACTUAL (ANTES DE ESTE REBALANCEO) Y EN LA PARTE INFERIOR CAMBIA A TUS PRECIOS REALES DE EJECUCIÓN (VIENEN POR DEFAULT LOS ÚLTIMOS DE CIERRE A LA FECHA DEL REBALANCEO) PARA OBTENER EL NÚMERO DE TÍTULOS A COMPRAR (VENDER) POR EMISORA.
B27: Mi Portafolio | D27: ANTERIOR | K27: NUEVO
B28: Ticker | C28: Compañía | D28: Títulos | E28: Costo Promedio Ponderado | F28: Precio mercado inicio rebalanceo | G28: % Portafolio Modelo | H28: Precio mercado final rebalanceo | I28: Dividendos cobrados en el período | J28: Rendimiento Total del período | K28: Títulos | L28: Costo Promedio Ponderado | M28: Valor mercado | N28: % Mi Portafolio | O28: Diferencia vs Portafolio Modelo
B29: =B7 -> NAFTRACISHRS | C29: =C7 -> iShares NAFTRAC | D29: 0 | E29: 0 | F29: =F7 -> 57.43 | G29: =D29*F29/$F$35 -> 0 | H29: =H7 -> 64 | I29: =IFERROR(I7/D7*D29,0) -> 0 | J29: =(H29+I29/D29)/F29-1 -> #DIV/0! | K29: =D29+F38 -> #DIV/0! | L29: =IF(K29>0,IF(K29>D29,(D29*E29+(K29-D29)*G38)/K29,E29),0) -> #DIV/0! | M29: =K29*H29 -> #DIV/0! | N29: =M29/$M$35 -> #DIV/0! | O29: =N29-N7 -> #DIV/0!
B30: =B8 -> DIA | C30: =C8 -> SPDR Dow Jones Industrial Average ETF Trust | D30: 0 | E30: 6558 | F30: =F8 -> 8239.218 | G30: =D30*F30/$F$35 -> 0 | H30: =H8 -> 8640.072 | I30: =I8/D8*D30 -> #DIV/0! | J30: =(H30+I30/D30)/F30-1 -> #DIV/0! | K30: =D30+F39 -> #DIV/0! | L30: =IF(K30>0,IF(K30>D30,(D30*E30+(K30-D30)*G39)/K30,E30),0) -> #DIV/0! | M30: =K30*H30 -> #DIV/0! | N30: =M30/$M$35 -> #DIV/0! | O30: =N30-N8 -> #DIV/0!
B31: =B9 -> QQQ | C31: =C9 -> Invesco QQQ Trust | D31: 0 | E31: 6554 | F31: =F9 -> 10310.121 | G31: =D31*F31/$F$35 -> 0 | H31: =H9 -> 11044.557 | I31: =I9/D9*D31 -> 0 | J31: =(H31+I31/D31)/F31-1 -> #DIV/0! | K31: =D31+F40 -> #DIV/0! | L31: =IF(K31>0,IF(K31>D31,(D31*E31+(K31-D31)*G40)/K31,E31),0) -> #DIV/0! | M31: =K31*H31 -> #DIV/0! | N31: =M31/$M$35 -> #DIV/0! | O31: =N31-N9 -> #DIV/0!
B32: =B10 -> VOO | C32: =C10 -> Vanguard S&P 500 ETF | D32: 0 | E32: 7745 | F32: =F10 -> 10664.896 | G32: =D32*F32/$F$35 -> 0 | H32: =H10 -> 11275.045 | I32: =I10/D10*D32 -> 0 | J32: =(H32+I32/D32)/F32-1 -> #DIV/0! | K32: =D32+F41 -> #DIV/0! | L32: =IF(K32>0,IF(K32>D32,(D32*E32+(K32-D32)*G41)/K32,E32),0) -> #DIV/0! | M32: =K32*H32 -> #DIV/0! | N32: =M32/$M$35 -> #DIV/0! | O32: =N32-N10 -> #DIV/0!
B33: EFECTIVO | D33: 475.95333 | G33: =D33/$F$35 -> 1 | H33: =D33*(1+H2)^(180/360) -> 475.95333 | J33: =H33/D33-1 -> 0 | K33: =H33+I35-SUMPRODUCT(F38:F41,G38:G41) -> #DIV/0! | M33: =K33 -> #DIV/0! | N33: =M33/$M$35 -> #DIV/0! | O33: =N33-N11 -> #DIV/0!
B35: TOTAL | F35: =SUMPRODUCT(D29:D32,F29:F32)+D33 -> 475.95333 | G35: =SUM(G29:G33) -> 1 | H35: =SUMPRODUCT(D29:D32,H29:H32)+H33 -> 475.95333 | I35: =SUM(I29:I33) -> #DIV/0! | J35: =(H35+I35)/F35-1 -> #DIV/0! | K35: Rend. Simple | M35: =SUM(M29:M33) -> #DIV/0! | N35: =SUM(N29:N33) -> #DIV/0! | O35: {=SUM(ABS(O29:O33))} -> #DIV/0! | P35: =IF(O35<0.1,"Excelente",IF(AND(O35<=0.2,O35>=0.1),"Buena",IF(AND(O35<=0.35,O35>0.2),"Regular","Mala"))) -> #DIV/0!
J36: =LN((H35+I35)/F35) -> #DIV/0! | K36: Rend. Logarítmico | O36: Indexación con el portafolio Modelo
B37: =B15 -> Movimientos 02-01-2026 (precios MXN cierre): | F37: Compra (Venta) | G37: Precio
B38: =B16 -> NAFTRACISHRS | C38: =C16 -> iShares NAFTRAC | F38: =ROUND(N7*($H$35+$I$35)/G38,0)-D29 -> #DIV/0! | G38: =H29 -> 64
B39: =B17 -> DIA | C39: =C17 -> SPDR Dow Jones Industrial Average ETF Trust | F39: =N8*($H$35+$I$35)/G39-D30 -> #DIV/0! | G39: =H30 -> 8640.072
B40: =B18 -> QQQ | C40: =C18 -> Invesco QQQ Trust | F40: =N9*($H$35+$I$35)/G40-D31 -> #DIV/0! | G40: =H31 -> 11044.557
B41: =B19 -> VOO | C41: =C19 -> Vanguard S&P 500 ETF | F41: =N10*($H$35+$I$35)/G41-D32 -> #DIV/0! | G41: =H32 -> 11275.045

Sheet 12M anteriores
B1: 31-Dic-24 | C1: al 27-Jun-25 | D1: 30-Jun-24 | E1: al 31-Dic-24
A2: Ticker | B2: Títulos | C2: Valor final | D2: Títulos | E2: Valor final
A3: NAFTRACISHRS | B3: 255 | C3: 16320 | D3: 0 | E3: 0
A4: DIA | B4: 0 | C4: 0 | D4: 1.4376455 | E4: 12736.51
A5: QQQ | B5: 1.4189625 | C5: 15671.811 | D5: 1.4251435 | E5: 15169.178
A6: VOO | B6: 1.3717597 | C6: 15466.652 | D6: 1.365246 | E6: 15315.29
A7: EFECTIVO | B7: 1 | C7: 790.22518 | D7: 1 | E7: 614.07462
A8: TOTAL | C8: =SUM(C3:C7) -> 48248.688 | E8: =SUM(E3:E7) -> 43835.052
